 Dungeon Crawl Stone Soup version 0.24-a0-136-gad582e5 (webtiles) character file.

Game seed: 2931700041800351216

384 JeffiDaFish the Covered (level 6, -3/56 HPs)
             Began as a Minotaur Fighter on Feb 28, 2019.
             Slain by an ogre
             ... wielding a +0 giant spiked club
              (20 damage)
             ... on level 4 of the Dungeon.
             The game lasted 00:03:52 (2235 turns).

JeffiDaFish the Covered (Minotaur Fighter)          Turns: 2235, Time: 00:03:52

Health: -3/56      AC: 10    Str: 20 (22) XL:     6   Next: 47%
Magic:  5/5        EV:  9    Int:  3 (5)  God:
Gold:   186        SH:  0    Dex:  8 (10) Spells: 5/5 levels left

rFire    . . .     SeeInvis .   a - +0 war axe
rCold    . . .     Gourm    .   (no shield)
rNeg     . . .     Faith    .   b - +0 scale mail
rPois    .         Spirit   .   (helmet restricted)
rElec    .         Reflect  .   h - +2 cloak
rCorr    .         Harm     .   (no gloves)
MR       .....                  (no boots)
Stlth    ..........             (no amulet)
HPRegen  0.18/turn              (no ring)
MPRegen  0.09/turn              (no ring)

@: no status effects
A: retaliatory headbutt, horns 2
a: no special abilities


You were on level 4 of the Dungeon.
You were not hungry.

You visited 1 branch of the dungeon, and saw 4 of its levels.

You collected 186 gold pieces.

Inventory:

Hand Weapons
 a - a +0 war axe (weapon)
Armour
 b - a +0 scale mail (worn)
 h - a +2 cloak (worn)
Scrolls
 d - a scroll of magic mapping
 e - 3 scrolls of remove curse
 g - a scroll of fear
 k - 3 scrolls of identify
Potions
 i - a potion of lignification {unknown}
 j - 2 potions of curing
Comestibles
 c - 11 chunks of flesh
 f - 9 rations


   Skills:
 + Level 5.0 Fighting
 * Level 4.3 Axes
 * Level 3.9 Throwing
 + Level 5.1 Armour
 + Level 0.3 Dodging
   Level 3.6 Shields


You had 5 spell levels left.
You didn't know any spells.
Your spell library was empty.

Dungeon Overview and Level Annotations

Branches:
Dungeon (4/15)
 Temple: D:4-7

Altars:
Yredelemnul
The Shining One


Innate Abilities, Weirdness & Mutations

You reflexively headbutt those who attack you in melee.
You have a pair of horns on your head.


Message History

a +0 mace; an orc corpse You butcher the orc corpse.
c - 12 chunks of flesh (gained 1)
Things that are here:
a +0 mace; an orc skeleton Eating one of 12 chunks of flesh.
You eat one of the 12 chunks of flesh.
This raw flesh tastes terrible.
An ogre comes into view. It is wielding a +0 giant spiked club.
The ogre shouts!
Found a scroll labeled QEALOR QYENABB and a plate armour.
The ogre hits you with a +0 giant spiked club!!
You closely miss the ogre. You headbutt the ogre!
The ogre is moderately wounded.
The ogre hits you with a +0 giant spiked club!!
You are too injured to fight recklessly!
You are too injured to fight recklessly!
You hit the ogre. You headbutt the ogre.
The ogre is heavily wounded.
The ogre hits you with a +0 giant spiked club!!
You die...

### ## ..# .# #.# ##.##
#.# #...# ## #.## #...#
.####..## #.?.#
........# #O..#
..####..# ######@..####
..####..###.............
....<#).................
<.##.#..###.............
..##.#..# ######...#####
......[.# #...#
####.#.## #...# #...#
#...# ##..# [..#


You could see an ogre.

Vanquished Creatures
  Sigmund (D:2)
  An orc priest (D:3)
  2 orc wizards (D:3)
  A gnoll (D:3)
  3 adders
  2 dart slugs
  2 leopard geckos
  12 orcs
  A ball python (D:1)
  9 bats
  14 giant cockroaches
  4 goblins
  7 hobgoblins
  3 jackals (D:3)
  A quokka (D:3)
  3 frilled lizards
  A jackal skeleton (D:4)
  7 kobolds
  10 rats
84 creatures vanquished.

Notes
Turn   | Place    | Note
-------+----------+-------------------------------------------
     0 | D:1      | JeffiDaFish the Minotaur Fighter began the quest for the
                  | Orb.
     0 | D:1      | Reached XP level 1. HP: 19/19 MP: 0/0
   153 | D:1      | Reached XP level 2. HP: 25/27 MP: 1/1
   272 | D:1      | Reached skill level 1 in Throwing
   585 | D:2      | Found a glowing golden altar of the Shining One.
   592 | D:2      | Reached XP level 3. HP: 32/33 MP: 2/2
   669 | D:2      | Noticed Sigmund
   683 | D:2      | Killed Sigmund
   683 | D:2      | Reached XP level 4. HP: 22/41 MP: 3/3
   683 | D:2      | Reached XP level 5. HP: 25/47 MP: 4/4
  1569 | D:3      | Found a basalt altar of Yredelemnul.
  1681 | D:3      | Reached XP level 6. HP: 55/55 MP: 5/5
  1844 | D:3      | Reached skill level 5 in Armour
  1972 | D:3      | Reached skill level 5 in Fighting
  2235 | D:4      | Slain by an ogre

Levels and vault maps discovered:
D:1:      dpeg_arrival_tiny_i, layout_rooms, minmay_misc_feat_iff
D:2:      minmay_roachtagon, layout_basic, lemuel_doored_altar, uniq_sigmund
D:3:      minmay_diamond_boxcup, layout_loops_ring, lemuel_crystal_altar
D:4:      kennysheep_kobold_camp, layout_loops_cross, uniq_crazy_yiuf_cottage

Skill      XL: |  1  2  3  4  5  6 |
---------------+-------------------+-----
Throwing       | 1 3 |  3.9
Axes           | 3 4 |  4.3
Fighting       | 4 5 |  5.0
Armour         | 4 5 |  5.1
Dodging        | |  0.3
Shields        | |  3.6

Action                   |  1- 3 |  4- 6 || total
-------------------------+-------+-------++-------
Melee: War axe           |    57 |   139 ||   196
       Headbutt          |     9 |    14 ||    23
  Use: Scroll            |     3 |     3 ||     6
       Potion            |     3 |     2 ||     5
  Eat: Chunk             |       |     5 ||     5
Armor: Scale mail        |    29 |   103 ||   132
Dodge: Dodged            |    36 |    70 ||   106
Block: Shield            |     6 |       ||     6

Table legend:
 A = Non-vault XP
 B = Vault XP
 C = Vault XP percentage of total XP
 D = Non-vault monster count
 E = Vault monster count
 F = Vault count percentage of total count
                 A         B        C        D         E       F
            +---------+---------+-------+---------+---------+-------
      Total |     263 |     286 |  52.1 |      64 |      20 |  23.8
            +---------+---------+-------+---------+---------+-------
        D:1 |      37 |       0 |   0.0 |      21 |       0 |   0.0
        D:2 |      28 |     249 |  89.9 |      11 |      12 |  52.2
        D:3 |     191 |      37 |  16.2 |      29 |       8 |  21.6
        D:4 |       7 |       0 |   0.0 |       3 |       0 |   0.0
            +---------+---------+-------+---------+---------+-------
